 Dungeon Crawl Stone Soup version 0.17.1-3-g152610e (webtiles) character file.

126 sveltemanboy the Skirmisher (level 4, 0/33 HPs)
             Began as a Demonspawn Monk on Apr 13, 2016.
             Slain by a hobgoblin (4 damage)
             ... led by Robin
             ... on level 3 of the Dungeon.
             The game lasted 00:07:33 (2435 turns).

sveltemanboy the Skirmisher (Demonspawn Monk)       Turns: 2435, Time: 00:07:34

Health: 0/33       AC:  5    Str: 18    XL:     4   Next: 83%
Magic:  4/4        EV: 12    Int: 11    God:
Gold:   151        SH:  0    Dex: 15    Spells: 0 memorised, 3 levels left

rFire  + . .     SeeInvis .       - Unarmed
rCold  + + .     Clarity  +     a - +0 ring mail
rNeg   . . .     SustAt   .     (no shield)
rPois  +         Gourm    .     (no helmet)
rElec  +         Spirit   .     (no cloak)
rCorr  +         Warding  .     (no gloves)
rMut   .         Stasis   .     (no boots)
MR     .....                    l - amulet of clarity
Stlth  +.........               (no ring)
                                (no ring)

@: mighty, resistant, not resistant to hostile enchantments, very unstealthy
A: cold resistance 1, frail 1, powered by death 1, evolution 1
a: no special abilities


You were on level 3 of the Dungeon.
You were not hungry.

You visited 1 branch of the dungeon, and saw 3 of its levels.

You collected 151 gold pieces.

Inventory:

Missiles
 i - 8 javelins (quivered)
Armour
 a - a +0 ring mail (worn)
Jewellery
 l - an amulet of clarity (around neck)
Scrolls
 d - 4 scrolls of identify
 f - a scroll of fog
 h - 2 scrolls of amnesia
 j - a scroll of enchant armour {unknown}
 k - a scroll of recharging {unknown}
 p - 2 scrolls of noise {unknown}
Potions
 c - a potion of resistance
 e - a potion of agility {unknown}
Comestibles
 b - 3 bread rations
 g - 4 meat rations
 m - 7 chunks of flesh
 o - a beef jerky
 r - a royal jelly


   Skills:
 - Level 4.0 Fighting
 * Level 2.2 Armour
 + Level 3.6 Dodging
 - Level 1.7 Stealth
 - Level 3.6 Unarmed Combat


You had 3 spell levels left.
You didn't know any spells.

Dungeon Overview and Level Annotations

Branches:
Dungeon (3/15)

Altars:


Innate Abilities, Weirdness & Mutations

You regenerate a little health from kills.
Your flesh is cold resistant.
You are frail (-10% HP).
You evolve.


Message History

* * * LOW HITPOINT WARNING * * *
The hobgoblin hits you but does no damage.
The goblin unwields an uncursed hunting sling.
The goblin closely misses you.
You hit the goblin.
The goblin is heavily wounded.
The goblin barely misses you.
The hobgoblin hits you but does no damage.
The hobgoblin hits you.
* * * LOW HITPOINT WARNING * * *
You hit the hobgoblin but do no damage. The goblin hits you.
* * * LOW HITPOINT WARNING * * *
The hobgoblin closely misses you. The goblin closely misses you.
The hobgoblin hits you but does no damage.
Unknown command.
Drink which item? (? for menu, Esc to quit)
It was a potion of resistance.
You feel protected. The goblin closely misses you. The hobgoblin hits you.
You die...

.....#.....####................#
...###.....####................#
..............#................#
.##....)...#....(.(.).......#
#........#....(...........#
#........#..........#######
#........#.....###.......#
..........#)[g..# #.......#
##........#)@g..###.......#
#.........gg)....#.......#
...........#.....#.......#
..[........#....(#.......#
.........##.....#.......#
....##.........)#.......### ....
###........#.........# ...
#.........)........#
...........)........#


You could see 2 hobgoblins and 2 goblins.

Vanquished Creatures
  A hound (D:3)
  Robin (D:3)
  An adder (D:2)
  A worm (D:2)
  4 giant geckos
  4 orcs (D:3)
  4 giant cockroaches
  8 hobgoblins
  3 quokkas (D:2)
  3 ball pythons (D:1)
  9 bats
  4 giant newts
  13 goblins
  7 kobolds
  5 rats
68 creatures vanquished.

Notes
Turn   | Place    | Note
--------------------------------------------------------------
     0 | D:1      | sveltemanboy the Demonspawn Monk began the quest for the Orb.
     0 | D:1      | Reached XP level 1. HP: 18/18 MP: 1/1
   378 | D:1      | Gained mutation: You regenerate a little health from kills. [demonic ancestry]
   378 | D:1      | Reached XP level 2. HP: 17/24 MP: 2/2
  1239 | D:2      | Reached skill level 1 in Armour
  1239 | D:2      | Reached XP level 3. HP: 29/29 MP: 3/3
  2018 | D:3      | Noticed Robin
  2140 | D:3      | Reached XP level 4. HP: 14/37 MP: 4/4
  2236 | D:3      | Reached skill level 4 in Fighting
  2251 | D:3      | Gained mutation: You evolve. [potion of mutation]
  2251 | D:3      | Gained mutation: You are frail (-10% HP). [potion of mutation]
  2251 | D:3      | Gained mutation: Your flesh is cold resistant. [potion of mutation]
  2427 | D:3      | Killed Robin
  2435 | D:3      | Slain by a hobgoblin

Action                   |  1- 3 |  4- 6 || total
-------------------------+-------+-------++-------
Melee: Unarmed           |   237 |    68 ||   305
  Use: Scroll            |       |     7 ||     7
       Potion            |       |     3 ||     3
 Stab: Sleeping          |     4 |       ||     4
  Eat: Chunk             |     4 |     1 ||     5
